 Dungeon Crawl Stone Soup version 0.21.0-3-g78d12a8 (webtiles) character file.

60 MDvedh the Poker (level 4, 0/31 HPs)
             Began as an Octopode Abyssal Knight on Jan 9, 2018.
             Was a Believer of Lugonu.
             Slain by a worker ant (7 damage)
             ... on level 3 of the Dungeon.
             The game lasted 00:02:51 (2401 turns).

MDvedh the Poker (Octopode Abyssal Knight)          Turns: 2401, Time: 00:02:52

Health: 0/31       AC:  1    Str: 11    XL:     4   Next: 4%
Magic:  5/5        EV: 13    Int: 14    God:    Lugonu [**....]
Gold:   62         SH:  0    Dex: 12    Spells: 3/3 levels left

rFire    . . .     SeeInvis .   a - +1 spear
rCold    . . .     Gourm    .   (no shield)
rNeg     . . .     Faith    .   (helmet restricted)
rPois    .         Spirit   .   (no amulet)
rElec    .         Reflect  .   (no ring)
rCorr    .         Harm     .   (no ring)
MR       .....                  (no ring)
Stlth    ++........             (no ring)
HPRegen  0.10/turn              (no ring)
MPRegen  0.09/turn              (no ring)
                                (no ring)
                                (no ring)

@: lethally poisoned (0 -> -2)
A: almost no armour, stealthy swim, amphibious, 8 rings, constrict 8, camouflage
1, gelatinous body 1
a: Depart the Abyss, Bend Space, Renounce Religion


You were on level 3 of the Dungeon.
You worshipped Lugonu.
Lugonu was pleased with you.
You were not hungry.

You visited 1 branch of the dungeon, and saw 4 of its levels.
You visited the Abyss 1 time.

You collected 62 gold pieces.

Inventory:

Hand Weapons
 a - a +1 spear (weapon)
Missiles
 h - 148 stones (quivered)
Jewellery
 f - an uncursed ring of fire
Wands
 l - a wand of clouds (2)
Scrolls
 c - a scroll of immolation {unknown}
 d - 2 scrolls of magic mapping {unknown}
 e - 3 scrolls of remove curse {unknown}
 g - a scroll of fog {unknown}
 k - 3 scrolls of enchant armour {unknown}
 m - 2 scrolls of identify {unknown}
 p - a scroll of noise {unknown}
Potions
 i - a potion of might {unknown}
 j - a potion of mutation {unknown}
 n - a potion of curing {unknown}
 o - a potion of degeneration {unknown}
 q - a potion of brilliance {unknown}
Comestibles
 b - 5 rations


   Skills:
 + Level 3.2 Fighting
 * Level 3.9 Polearms
 + Level 2.5 Dodging
 - Level 2.0 Invocations


You had 3 spell levels left.
You didn't know any spells.

Dungeon Overview and Level Annotations

Branches:
Dungeon (4/15)
 Temple: D:4-7

Altars:
Cheibriados
Dithmenos
Nemelex Xobeh
Trog
Wu Jian


Innate Abilities, Weirdness & Mutations

You cannot wear most types of armour.
You are very stealthy in the water. (Stealth+)
You are amphibious.
You can wear up to eight rings at the same time.
You can use your tentacles to constrict eight enemies at once.
Your skin changes colour to match your surroundings (Stealth+).
Your rubbery body absorbs attacks. (AC +1, EV +1)


Message History

You constrict the worker ant. The worker ant bites you!
You hit the worker ant but do no damage.
The worker ant is lightly wounded.
You constrict the worker ant, but do no damage.
You feel sick. The worker ant bites you.
* * * LOW HITPOINT WARNING * * *
Evoke which item? (* to show all) (? for menu, Esc to quit)
Aiming: Cloud Cone
Press: ? - help, Dir - move target cursor, f - worker ant
Aim: a worker ant (lightly wounded, constricted by you)
You create a blast of noxious fumes!
You constrict the worker ant.
The worker ant is engulfed in noxious fumes.
The worker ant appears confused.
The worker ant struggles to escape constriction.
Unknown command.
Unknown command.
You release your grip on the worker ant.
The worker ant is engulfed in noxious fumes.
The worker ant appears confused.
The worker ant bites you!
You die...

.#..# #.##......#.###.##...).
.##.# #.##......#....###.####
.##.# #.##.....##.######.###.
.##.#### #.##.....##..........#.
.##....# #.#......#########.#.#.
.#####.# #.#......# #.....#.
.#####.####§.......#######.....#.
.##........§§§.a...............#.
.##.##..#.#§§§§>@..#######....)#.
.<..)......§§§[..#.#######)....#.
.##.###.####....##.##.[.#####..#.
....# #.# #.#####.#.###.........
.#### #.# #........## ##.###....
## #.##########..# #.......# #
#..........)..## ##.####..# #
##############.###.#####..# #
##...........#


You could see a worker ant (confused).

Vanquished Creatures
  An ooze (D:2)
  A worm (D:2)
  3 dart slugs
  A leopard gecko (D:2)
  2 orcs (D:3)
  A bat (D:2)
  3 giant cockroaches
  8 goblins
  4 hobgoblins
  4 jackals (D:2)
  A quokka (D:2)
  2 frilled lizards
  4 kobolds
  4 rats
39 creatures vanquished.

Notes
Turn   | Place    | Note
-------+----------+-------------------------------------------
     0 | Abyss:1  | MDvedh the Octopode Abyssal Knight began the quest for the Orb.
     0 | Abyss:1  | Reached XP level 1. HP: 16/16 MP: 2/2
     9 | Abyss:1  | Found a shattered altar of Ashenzari.
    74 | Abyss:1  | Noticed a quasit
    74 | D:1      | Escaped the Abyss
   298 | D:1      | Reached * piety under Lugonu
   314 | D:1      | Reached XP level 2. HP: 21/21 MP: 3/3
   939 | D:2      | Found an ornate altar of the Wu Jian Council.
   939 | D:2      | Found a sparkling altar of Nemelex Xobeh.
  1054 | D:2      | Reached XP level 3. HP: 20/26 MP: 4/4
  1300 | D:2      | Found a bloodstained altar of Trog.
  1303 | D:2      | Found a shadowy altar of Dithmenos.
  1308 | D:2      | Found a snail-covered altar of Cheibriados.
  1780 | D:3      | Reached ** piety under Lugonu
  2231 | D:3      | Reached XP level 4. HP: 31/31 MP: 5/5
  2401 | D:3      | Slain by a worker ant

Skill      XL: |  1  2 |
---------------+-------+-----
Polearms       | 3 |  3.9
Fighting       | |  3.2
Dodging        | |  2.5
Invocations    | |  2.0

Action                   |  1- 3 |  4- 6 || total
-------------------------+-------+-------++-------
Melee: Spear             |   103 |     6 ||   109
       Constrict         |    18 |     1 ||    19
       Tentacles         |     9 |     1 ||    10
Throw: Stone             |     1 |       ||     1
Invok: Depart the Abyss  |     1 |       ||     1
Evoke: Wand              |       |     1 ||     1
 Stab: Sleeping          |    14 |       ||    14
  Eat: Chunk             |     3 |       ||     3
       Ration            |       |     1 ||     1
Armor: Skin              |     2 |       ||     2
Dodge: Dodged            |    25 |     3 ||    28
